 Dungeon Crawl Stone Soup version 0.31-a0-702-gf82c85558f (webtiles) character file.

Game seed: 17685224284798995137

113 qw the Shooter (level 4, -2/28 HPs)
             Began as a Gargoyle Hunter on Sept 8, 2023.
             Slain by a cerulean imp
             ... wielding a +2 spear
             ... summoned by Natasha
              (5 damage)
             ... on level 2 of the Dungeon.
             The game lasted 00:00:36 (1032 turns).

qw the Shooter (Gargoyle Hunter)                    Turns: 1032, Time: 00:00:37

Health: -2/28      AC:  6    Str: 15    XL:     4   Next: 96%
Magic:  4/4        EV: 11    Int:  9    God:
Gold:   33         SH:  0    Dex: 15    Spells: 3/3 levels left

rFire   . . .        Y - +0 shortbow
rCold   . . .        (shield currently unavailable)
rNeg    + . .        c - +0 leather armour
rPois   inf          (no helmet)
rElec   +            (no cloak)
rCorr   .            (no gloves)
SInv    .            (no boots)
Will    .....        (no amulet)
Stlth   ++           (no ring)
HPRegen 0.24/turn    (no ring)
MPRegen 0.09/turn

%: no passive effects
@: no status effects
A: sickness immunity, AC +3, negative energy resistance 1, electricity
resistance, torment resistance 1, petrification resistance
a: no special abilities


You were on level 2 of the Dungeon.
You visited 1 branch of the dungeon, and saw 2 of its levels.

You collected 33 gold pieces.


Innate Abilities, Weirdness & Mutations

You are immune to sickness and miasma.
Your stone body is resilient. (AC +3)
You are immune to poison.
You resist negative energy. (rN+)
You are resistant to electric shocks. (rElec)
You are resistant to unholy torment.
You are immune to petrification.


   Skills:
 - Level 3.0 Fighting
 + Level 5.7 Ranged Weapons
 - Level 1.5 Dodging
 - Level 1.1 Stealth


You had 3 spell levels left.
You didn't know any spells.
Your spell library was empty.

Inventory:

Hand Weapons
 Y - a +0 shortbow (weapon)
Armour
 c - a +0 leather armour (worn)
Jewellery
 d - an amulet of the acrobat
Scrolls
 a - a scroll of blinking {unknown}
 g - a scroll of identify {unknown}
 h - a scroll of acquirement {unknown}
Potions
 b - a potion of ambrosia {unknown}
 e - 3 potions of enlightenment
 f - 2 potions of cancellation {unknown}
 i - a potion of heal wounds {unknown}
 j - a potion of curing {unknown}
 k - a potion of resistance {unknown}

Dungeon Overview and Level Annotations

Branches:
Dungeon (2/15)

Altars:

Annotations:
D:2 Natasha


Message History

You kill the cerulean imp!
The cerulean imp disappears in a puff of smoke!
Natasha casts a spell.
The cerulean imp hits you but does no damage.
You shoot an arrow. The arrow hits the cerulean imp.
The cerulean imp is heavily wounded.
The cerulean imp hits you from afar with a +2 spear.
You shoot an arrow.
The arrow barely misses the cerulean imp.
The arrow hits the cerulean imp but does no damage.
The cerulean imp completely misses you.
You shoot an arrow. The arrow misses the cerulean imp.
The arrow barely misses the cerulean imp.
The arrow hits the cerulean imp.
The cerulean imp is heavily wounded.
The cerulean imp hits you but does no damage.
You shoot an arrow.
The arrow hits the cerulean imp but does no damage.
The cerulean imp is heavily wounded.
The cerulean imp hits you from afar with a +2 spear.
You shoot an arrow.
The arrow barely misses the cerulean imp. x2
The cerulean imp hits you from afar with a +2 spear.
You shoot an arrow. The arrow hits the cerulean imp.
The cerulean imp is severely wounded.
The cerulean imp disappears in a puff of smoke!
The cerulean imp hits you but does no damage.
Natasha mumbles some strange words.
The cerulean imp barely misses you.
You shoot an arrow.
The arrow closely misses the cerulean imp.
The arrow hits the cerulean imp!
You kill the cerulean imp!
The cerulean imp disappears in a puff of smoke!
Natasha mumbles some strange words.
The cerulean imp barely misses you.
You shoot an arrow.
The arrow closely misses the cerulean imp. x2
The cerulean imp hits you from afar with a +2 spear.
You die...

....# ....# #.# ....#
!.# #.# ..## #.#
#.)..........# #.#
#............# #.#
.............# #@#
.#..>.......5###.#
......##...#..##5#####
....#########..5h....#
...## #........# ...##
#........# .#..#
#........# ..#####
#........# #.....#
#........#


You could see Natasha and 2 cerulean imps.

Vanquished Creatures
  Natasha (twice) (D:2)
  2 adders (D:2)
  2 worms (D:2)
  2 dart slugs
  3 endoplasms (D:1)
  A giant cockroach (D:1)
  2 goblins
  2 hobgoblins (D:1)
  6 jackals (D:2)
  2 quokkas (D:2)
  4 ball pythons (D:1)
  3 bats
  2 frilled lizards
  4 kobolds
  3 rats
40 creatures vanquished.

Notes
Turn   | Place    | Note
-------+----------+-------------------------------------------
     0 | D:1      | qw the Gargoyle Hunter began the quest for the Orb.
     0 | D:1      | Reached XP level 1. HP: 12/12 MP: 1/1
     0 | D:1      | 0 ||| qw: Version: 0.3-a-76-g4403597
     0 | D:1      | 0 ||| qw: Game counter: 1240
     0 | D:1      | 0 ||| qw: Melee chars always use a shield: true
     0 | D:1      | 0 ||| qw: God list: Okawaru
     0 | D:1      | 0 ||| qw: Allow faded altars: false
     0 | D:1      | 0 ||| qw: Do Orc after clearing Dungeon:15 true
     0 | D:1      | 0 ||| qw: Do second Lair branch before Depths: true
     0 | D:1      | 0 ||| qw: Lair rune preference: random
     0 | D:1      | 0 ||| qw: Goals: Normal
     0 | D:1      | 0 ||| PLANNING D:1-11
    71 | D:1      | You fall into a shaft and drop 1 floor!
    72 | D:2      | 72 ||| DRINKING 2 ruby potions.
    90 | D:2      | 90 ||| DROPPING scroll of butterflies.
    91 | D:2      | 91 ||| DROPPING potion of lignification.
   129 | D:1      | Reached XP level 2. HP: 17/17 MP: 2/2
   497 | D:1      | 497 ||| READING scroll labelled UMIS ZIEROVO.
   509 | D:1      | 509 ||| DRINKING 2 fuming ruby potions.
   613 | D:1      | 613 ||| DRINKING 3 pink potions.
   614 | D:1      | 614 ||| DROPPING potion of berserk rage.
   657 | D:2      | Reached XP level 3. HP: 14/21 MP: 3/3
   732 | D:2      | Reached skill level 5 in Ranged Weapons
   851 | D:2      | Reached skill level 3 in Fighting
   858 | D:2      | Reached XP level 4. HP: 28/28 MP: 4/4
   864 | D:2      | Noticed Natasha
   872 | D:2      | Killed Natasha
   992 | D:2      | Noticed Natasha
   994 | D:2      | Killed Natasha
  1006 | D:2      | Noticed Natasha
  1015 | D:2      | 1015 ||| Stepping ~*~*~tactically~*~*~ (retreating).
  1016 | D:2      | 1016 ||| Stepping ~*~*~tactically~*~*~ (retreating).
  1017 | D:2      | 1017 ||| Stepping ~*~*~tactically~*~*~ (retreating).
  1018 | D:2      | 1018 ||| Stepping ~*~*~tactically~*~*~ (retreating).
  1019 | D:2      | 1019 ||| Stepping ~*~*~tactically~*~*~ (retreating).
  1020 | D:2      | 1020 ||| Stepping ~*~*~tactically~*~*~ (retreating).
  1025 | D:2      | HP: 6/28 [cerulean imp/+2 spear[Natasha] (4)]
  1032 | D:2      | Slain by a cerulean imp

Levels and vault maps discovered:
D:1:      minmay_arrival_diagonal_passages, layout_rooms
D:2:      layout_rooms, uniq_natasha

Skill      XL: |  1  2  3 |
---------------+----------+-----
Ranged Weapons | 5 |  5.7
Fighting       | 3 |  3.0
Dodging        | |  1.5
Stealth        | |  1.1

Action                     |  1- 3 |  4- 6 || total
---------------------------+-------+-------++-------
   Fire: Shortbow          |   120 |    40 ||   160
    Use: Potion            |     3 |       ||     3
         Scroll            |     1 |       ||     1
 Armour: Leather armour    |    26 |    18 ||    44
  Dodge: Dodged            |    37 |    14 ||    51

Table legend:
 A = Non-vault XP
 B = Vault XP
 C = Vault XP percentage of total XP
 D = Non-vault monster count
 E = Vault monster count
 F = Vault count percentage of total count
                 A         B        C        D         E       F
            +---------+---------+-------+---------+---------+-------
      Total |     127 |      35 |  21.6 |      39 |       1 |   2.5
            +---------+---------+-------+---------+---------+-------
        D:1 |      29 |       0 |   0.0 |      18 |       0 |   0.0
        D:2 |      98 |      35 |  26.3 |      21 |       1 |   4.5
            +---------+---------+-------+---------+---------+-------
